Unix NetHack Version 3.7.0-88 Work-in-progress - last build Aug 21 2023 04:08:40 (b68ccb3e4f8f5dcb83e1e40b1ff56e7dffd4cd28,branch:master). Game began 2023-09-05 00:12:05, ended 2023-09-09 02:43:50. horga, neutral female human Healer ------ |.^..----- |.<|f*h.^- ------#-..- #.[.. |.... --.-- |.. Horga the Rhizotomist St:10 Dx:11 Co:15 In:8 Wi:15 Ch:15 Neutral Dlvl:3 $:1643 HP:0(13) Pw:5(5) AC:5 Xp:1/8 T:1606 Latest messages: You are still in a pit. You are still in a pit. You are hit by a dart. You are still in a pit. The housecat misses it. The housecat bites it. It hits the housecat. You crawl to the edge of the pit. The housecat bites it. It hits the housecat. The housecat bites it. You hear some noises. The housecat bites it. What do you want to use or apply? [f-isw or ?*] s In what direction? 9 Status of the housecat (neutral, small): Level 5 HP 28(38) AC 5, tame. You don't have enough energy to cast that spell. F - a dart. You swap places with your housecat. The fox just misses! You hear crashing rock. The fox misses! The fox bites! You swap places with your housecat. You swap places with your housecat. It misses the fox. The fox misses! What do you want to use or apply? [f-isw or ?*] s In what direction? 6 Status of the fox (neutral, small): Level 0 HP 4(4) AC 7. You hear some noises. The housecat drops a leather cloak. You see here a leather cloak. You hear crashing rock. G - a leather cloak. You hear a chugging sound. What do you want to take off? [bCD or ?*] ? You were wearing a +0 hooded cloak. What do you want to wear? [DG or ?*] ? You are now wearing a leather cloak. You swap places with your housecat. The housecat misses it. The housecat misses it. The housecat bites it. You hear crashing rock. H - a violet gem. The dwarf swings her pick-axe. The dwarf hits! You die... Do you want to see the dungeon overview? [ynq] (y) y Inventory: Coins $ - 1643 gold pieces Weapons k - 7 uncursed +1 arrows z - 14 uncursed +0 crossbow bolts A - an uncursed +0 crossbow q - 9 uncursed +0 darts named !c F - a cursed +0 dart a - an uncursed +0 scalpel (weapon in hand) x - a blessed +0 mace (alternate weapon; not wielded) Armor b - an uncursed +1 pair of leather gloves (being worn) C - an uncursed +0 pair of iron shoes (being worn) D - a blessed +0 dwarvish cloak G - an uncursed +0 leather cloak (being worn) Comestibles j - 6 uncursed apples r - 3 uncursed food rations c - an uncursed fortune cookie l - a cursed tripe ration m - an uncursed lichen corpse Scrolls B - a blessed scroll of teleportation Spellbooks h - a blessed spellbook of extra healing g - a blessed spellbook of healing i - a blessed spellbook of stone to flesh Potions e - 4 uncursed potions of extra healing d - 4 uncursed potions of healing Rings o - an uncursed ring of invisibility (on left hand) Wands f - an uncursed wand of sleep (0:8) Tools w - an uncursed magic whistle s - an uncursed stethoscope Gems/Stones H - an uncursed amethyst stone u - an uncursed worthless piece of violet glass E - 2 uncursed worthless pieces of yellowish brown glass Horga the Healer's attributes: Background: You were a Rhizotomist, a level 1 female human Healer. You were neutral, nominally on a mission for Hermes who was opposed by Athena (lawful) and Poseidon (chaotic). You were in the Gnomish Mines, on level 3. You entered the dungeon 1606 turns ago. It was nighttime. You had 8 experience points, 12 more were needed to attain level 2. Basics: You had 0 out of 13 hit points. You had all 5 energy points (spell power). Your armor class was 5. Your wallet contained 1643 zorkmids. Autopickup was on for '$?!/="*' plus thrown, with exceptions. Final Characteristics: Your strength was 10 (limit:18/100). Your dexterity was 11 (limit:18). Your constitution was 15 (limit:18). Your intelligence was 8 (limit:18). Your wisdom was 15 (limit:18). Your charisma was 15 (limit:18). Final Status: You were not hungry. You were unencumbered. You were wielding a knife. You had basic skill with knife. Final Attributes: You were fervently aligned. You were poison resistant. You were invisible. You were warded. You are dead. Miscellaneous: You never encountered a bones level. Total elapsed playing time was 18 minutes and 15 seconds. Major events: Turn 1: horga the neutral female human Healer entered the dungeon 489: entered the Gnomish Mines 1606: killed by a dwarf Vanquished creatures: a gnome leader a dwarf a yellow mold 5 gnomes 3 geckos 5 jackals 4 foxes a kobold a goblin a grid bug a bat 3 lichens 9 newts 36 creatures vanquished. No species were genocided or became extinct. Voluntary challenges: You were an atheist. You read items or engraved 12 times. You engraved Elbereth 6 times. You never genocided any monsters. You never polymorphed an object. You never changed form. You used no wishes. Achievements: You entered the Gnomish Mines. You entered a shop. The Dungeons of Doom: levels 1 to 4 Level 1: Some fountains. Level 2: "vault" A general store. Stairs down to The Gnomish Mines. Level 3: Level 4: The Gnomish Mines: Level 3: <- You were here. Final resting place for you, killed by a dwarf. Game over: ---------- / \ / REST \ / IN \ / PEACE \ / \ | horga | | 1643 Au | | killed by a | | dwarf | | | | | | 2023 | *| * * * | * _________)/\\_//(\/(/\)/\//\/|_)_______ Goodbye horga the Healer... You died in The Gnomish Mines on dungeon level 3 with 182 points, and 1643 pieces of gold, after 1606 moves. You were level 1 with a maximum of 13 hit points when you died.